[Event "ROU-ch Open 2021"]
[Site "Iasi"]
[Date "2021.04.19"]
[Round "1.8"]
[White "Chiheri, Alexandru-Virgil"]
[Black "Nevednichy, Vladislav"]
[Result "0-1"]
[ECO "B80"]
[WhiteElo "1921"]
[BlackElo "2533"]
[Annotator "ChessBase"]
[PlyCount "62"]
[EventDate "2021.04.19"]
[EventType "swiss"]
[EventCountry "ROU"]
[SourceTitle "playchess.com"]
[Source "ChessBase"]
[SourceQuality "1"]
[TimeControl "5400+30"]

1. e4 c5 2. Nf3 d6 3. d4 cxd4 4. Nxd4 Nf6 5. Nc3 Nc6 6. f3 e6 7. Be3 a6 8. Qd2 h5 9. O-O-O Bd7 10. Be2 b5 11. Nxc6 Bxc6 12. Bd3 Be7 13. Qf2 Qb8 14. Rhe1 b4 15. Ne2 a5 16. Nd4 Bd7 17. g3 a4 18. Kb1 e5 19. Ne2 Be6 20. Nc1 O-O 21. h3 d5 22. g4 d4 23. Bg5 Nxg4 24. hxg4 Bxg5 25. gxh5 Qd8 26. Rh1 Ra7 27. Qg2 Bh6 28. Rdg1 Qf6 29. Qe2 Rc8 30. Rg2 Be3 31. Ba6 Rxa6 0-1

[Event "ROU-ch Open 2021"]
[Site "Iasi"]
[Date "2021.04.19"]
[Round "1.9"]
[White "Jianu, Vlad-Cristian"]
[Black "Sachilaru, Alexandru"]
[Result "1-0"]
[ECO "E76"]
[WhiteElo "2532"]
[BlackElo "1917"]
[Annotator "ChessBase"]
[PlyCount "77"]
[EventDate "2021.04.19"]
[EventType "swiss"]
[EventCountry "ROU"]
[SourceTitle "playchess.com"]
[Source "ChessBase"]
[SourceQuality "1"]
[TimeControl "5400+30"]

1. d4 Nf6 2. c4 g6 3. Nc3 Bg7 4. e4 d6 5. f4 O-O 6. Nf3 c5 7. dxc5 Qa5 8. Bd3 Qxc5 9. Qe2 a6 10. Be3 Qc7 11. O-O Bg4 12. Rac1 Nbd7 13. Kh1 Rac8 14. b3 Qb8 15. h3 Bxf3 16. Qxf3 Nc5 17. Bb1 b5 18. cxb5 axb5 19. Bg1 b4 20. Ne2 Ncd7 21. Rcd1 Qb7 22. Rd4 Rc7 23. Rfd1 Nc5 24. Rc4 Ncd7 25. Rxc7 Qxc7 26. Rc1 Qb8 27. Nd4 e5 28. Nc6 Qb7 29. Qd1 Re8 30. Qxd6 Bf8 31. Qd2 exf4 32. Qxf4 Nh5 33. Qf3 Bd6 34. g4 Ng3+ 35. Kg2 Rc8 36. Na5 Qa8 37. Rxc8+ Qxc8 38. Nc4 Bb8 39. Bf2 1-0

[Event "ROU-ch Open 2021"]
[Site "Iasi"]
[Date "2021.04.19"]
[Round "1.10"]
[White "Prisacaru, Stefan-Emilian"]
[Black "Nanu, Costica-Ciprian"]
[Result "0-1"]
[ECO "A07"]
[WhiteElo "1913"]
[BlackElo "2503"]
[Annotator "ChessBase"]
[PlyCount "102"]
[EventDate "2021.04.19"]
[EventType "swiss"]
[EventCountry "ROU"]
[SourceTitle "playchess.com"]
[Source "ChessBase"]
[SourceQuality "1"]
[TimeControl "5400+30"]

1. g3 d5 2. Bg2 c6 3. d3 Nf6 4. Nd2 Bg4 5. Ngf3 Nbd7 6. O-O e5 7. e4 Bd6 8. c3 O-O 9. Qc2 Re8 10. Re1 a5 11. Nf1 Nc5 12. Nxe5 Bxe5 13. d4 dxe4 14. dxc5 a4 15. Bg5 Qd3 16. Bxe4 Qxc2 17. Bxc2 a3 18. Bc1 Nd7 19. Ne3 Bf3 20. Nc4 Bxc3 21. Rxe8+ Rxe8 22. Be3 axb2 23. Rb1 Bd5 24. Nxb2 Bxa2 25. Ra1 Bd5 26. Rb1 Ne5 27. Na4 Nf3+ 28. Kf1 Bd4 29. Bxd4 Nd2+ 30. Kg1 Nxb1 31. Be3 Na3 32. Bd3 Nc4 33. Bxc4 Bxc4 34. Nb6 Bd5 35. Kf1 Bf3 36. Nc4 Ra8 37. Ke1 Ra2 38. Nd6 Re2+ 39. Kf1 f6 40. Nf5 Rb2 41. Ke1 Kf7 42. Bd4 Re2+ 43. Kf1 Rd2 44. Bc3 Rc2 45. Nd6+ Ke6 46. Bb4 b5 47. Nb7 Kd5 48. h4 h5 49. Ba5 Rc1+ 50. Be1 b4 51. Na5 Rb1 0-1

[Event "ROU-ch Open 2021"]
[Site "Iasi"]
[Date "2021.04.19"]
[Round "1.11"]
[White "Gavrilescu, David"]
[Black "Negrean, Andrei"]
[Result "1-0"]
[ECO "B42"]
[WhiteElo "2476"]
[BlackElo "1904"]
[Annotator "ChessBase"]
[PlyCount "49"]
[EventDate "2021.04.19"]
[EventType "swiss"]
[EventCountry "ROU"]
[SourceTitle "playchess.com"]
[Source "ChessBase"]
[SourceQuality "1"]
[TimeControl "5400+30"]

1. e4 c5 2. Nf3 d6 3. d4 Nf6 4. Nc3 cxd4 5. Nxd4 a6 6. Bd3 e6 7. O-O Be7 8. f4 O-O 9. Qf3 Qc7 10. Be3 Nbd7 11. g4 b5 12. g5 Ne8 13. Qh5 Bb7 14. Rf3 Nc5 15. Rh3 h6 16. f5 b4 17. gxh6 Nf6 18. Qg5 Ne8 19. Qg4 bxc3 20. hxg7 Nxg7 21. Bh6 Bf6 22. Bxg7 Bxg7 23. f6 Rfc8 24. Rh8+ Kxh8 25. Qxg7# 1-0

[Event "ROU-ch Open 2021"]
[Site "Iasi"]
[Date "2021.04.19"]
[Round "1.12"]
[White "Sarighioleanu, Sebastian-Laurentiu"]
[Black "Filip, Lucian-Ioan"]
[Result "0-1"]
[ECO "E12"]
[WhiteElo "1902"]
[BlackElo "2442"]
[Annotator "ChessBase"]
[PlyCount "58"]
[EventDate "2021.04.19"]
[EventType "swiss"]
[EventCountry "ROU"]
[SourceTitle "playchess.com"]
[Source "ChessBase"]
[SourceQuality "1"]
[TimeControl "5400+30"]

1. d4 e6 2. c4 Nf6 3. Nf3 b6 4. a3 Bb7 5. Nc3 Ne4 6. Qc2 Nxc3 7. Qxc3 Be7 8. g3 a5 9. b3 c5 10. Bb2 Bf6 11. Qd2 Bxf3 12. exf3 Nc6 13. dxc5 bxc5 14. Rd1 Bxb2 15. Qxb2 Nd4 16. Bg2 Qf6 17. Qd2 Qe5+ 18. Kf1 Rb8 19. f4 Qc7 20. b4 axb4 21. axb4 Rxb4 22. Qc3 O-O 23. Be4 Rb3 24. Qd2 f5 25. Bg2 Rfb8 26. h4 Rb2 27. Qc1 Qa5 28. Re1 Qa2 29. Qe3 R8b3 0-1

[Event "ROU-ch Open 2021"]
[Site "Iasi"]
[Date "2021.04.19"]
[Round "1.13"]
[White "Baratosi, Daniel"]
[Black "Nechita, Vlad-Mihai"]
[Result "1-0"]
[ECO "B12"]
[WhiteElo "2355"]
[BlackElo "1893"]
[Annotator "ChessBase"]
[PlyCount "53"]
[EventDate "2021.04.19"]
[EventType "swiss"]
[EventCountry "ROU"]
[SourceTitle "playchess.com"]
[Source "ChessBase"]
[SourceQuality "1"]
[TimeControl "5400+30"]

1. e4 c6 2. d4 d5 3. e5 Bf5 4. h4 h5 5. Bg5 Qb6 6. Bd3 Bxd3 7. Qxd3 e6 8. Nd2 Ne7 9. Ngf3 Nf5 10. O-O c5 11. c4 Qa6 12. dxc5 Nc6 13. a3 Bxc5 14. b4 dxc4 15. Qb1 c3 16. Ne4 c2 17. Qxc2 Bd4 18. Rab1 b5 19. Nd6+ Nxd6 20. exd6 f6 21. Qg6+ Kf8 22. Nxd4 Nxd4 23. Bxf6 Nf5 24. Be7+ Nxe7 25. dxe7+ Kxe7 26. Qxg7+ Kd6 27. Rfd1+ 1-0

[Event "ROU-ch Open 2021"]
[Site "Iasi"]
[Date "2021.04.19"]
[Round "1.14"]
[White "Jugaru, Lucian"]
[Black "Stoleriu, George"]
[Result "0-1"]
[ECO "C02"]
[WhiteElo "1856"]
[BlackElo "2349"]
[Annotator "ChessBase"]
[PlyCount "73"]
[EventDate "2021.04.19"]
[EventType "swiss"]
[EventCountry "ROU"]
[SourceTitle "playchess.com"]
[Source "ChessBase"]
[SourceQuality "1"]
[TimeControl "5400+30"]

1. e4 e6 2. d4 d5 3. e5 c5 4. c3 Nc6 5. Nf3 Bd7 6. Be2 Nge7 7. Na3 Nf5 8. Nc2 cxd4 9. cxd4 Nb4 10. Nxb4 Bxb4+ 11. Bd2 Qb6 12. Bxb4 Qxb4+ 13. Qd2 Qb6 14. O-O O-O 15. Rac1 Rfc8 16. g4 Ne7 17. Rxc8+ Rxc8 18. Rc1 Nc6 19. Bd3 Qd8 20. Kg2 Rc7 21. h4 Qe7 22. g5 Rc8 23. Bb1 Rf8 24. Qd3 f5 25. gxf6 gxf6 26. exf6 Rxf6 27. Rg1 Be8 28. Qe3 Kh8 29. Ne5 Qc7 30. Ng4 Rf4 31. Kf1 Rf8 32. Qxe6 Qf4 33. Qh6 Qxh6 34. Nxh6 Nxd4 35. Rg5 Bc6 36. Bd3 Ne6 37. Rg3 0-1

[Event "ROU-ch Open 2021"]
[Site "Iasi"]
[Date "2021.04.19"]
[Round "1.15"]
[White "Ciorgovean, Iustin"]
[Black "Barbu, Simon-Alexandru"]
[Result "1-0"]
[ECO "A52"]
[WhiteElo "2338"]
[BlackElo "1851"]
[Annotator "ChessBase"]
[PlyCount "59"]
[EventDate "2021.04.19"]
[EventType "swiss"]
[EventCountry "ROU"]
[SourceTitle "playchess.com"]
[Source "ChessBase"]
[SourceQuality "1"]
[TimeControl "5400+30"]

1. d4 Nf6 2. c4 e5 3. dxe5 Ng4 4. Bf4 Nc6 5. Nf3 Bb4+ 6. Nbd2 Qe7 7. e3 Ngxe5 8. Nxe5 Nxe5 9. Be2 O-O 10. O-O Bxd2 11. Qxd2 a5 12. Qc3 d6 13. c5 Bd7 14. Rfd1 Bc6 15. cxd6 cxd6 16. Qd4 Rfd8 17. Rac1 Qe6 18. Bg3 f6 19. a3 Kh8 20. b4 axb4 21. axb4 Ba4 22. Rd2 Rac8 23. Rxc8 Rxc8 24. h3 b5 25. Qxd6 Qxd6 26. Rxd6 Nc6 27. Bg4 Rc7 28. Rd3 Ra7 29. Bf3 Ne7 30. Rd8+ 1-0

[Event "ROU-ch Open 2021"]
[Site "Iasi"]
[Date "2021.04.19"]
[Round "1.16"]
[White "Ghita, Vlad-Bogdan"]
[Black "Ghimpu, Samuel-Timotei"]
[Result "0-1"]
[ECO "B54"]
[WhiteElo "1823"]
[BlackElo "2315"]
[Annotator "ChessBase"]
[PlyCount "84"]
[EventDate "2021.04.19"]
[EventType "swiss"]
[EventCountry "ROU"]
[SourceTitle "playchess.com"]
[Source "ChessBase"]
[SourceQuality "1"]
[TimeControl "5400+30"]

1. e4 c5 2. Nf3 a6 3. c4 d6 4. d4 cxd4 5. Nxd4 Nf6 6. Nc3 b6 7. Be2 Bb7 8. Qd3 Nbd7 9. f3 Rc8 10. b3 e6 11. O-O Be7 12. Rd1 O-O 13. Be3 Qc7 14. Rac1 Qb8 15. Qd2 Bd8 16. Bd3 Bc7 17. g4 Rfe8 18. g5 Nh5 19. Rf1 Ne5 20. Bb1 Ng6 21. Rce1 b5 22. cxb5 Ba5 23. Rc1 axb5 24. Ndxb5 Ba6 25. a4 Bxb5 26. axb5 Qc7 27. f4 Bxc3 28. Qd1 Nhxf4 29. Kh1 e5 30. Bxf4 Nxf4 31. Rf3 Qa5 32. Qc2 Qa8 33. Rxc3 Rxc3 34. Qxc3 Ne2 35. Qc4 Nxc1 36. Qxc1 Rc8 37. Qb2 Qa5 38. Bd3 Qe1+ 39. Kg2 Qe3 40. Qe2 Qxg5+ 41. Kh3 Rc3 42. b6 h5 0-1

[Event "ROU-ch Open 2021"]
[Site "Iasi"]
[Date "2021.04.19"]
[Round "1.17"]
[White "Ognean, Mihnea-Ionut"]
[Black "Salcu, Laurentiu"]
[Result "1-0"]
[ECO "B56"]
[WhiteElo "2298"]
[BlackElo "1814"]
[Annotator "ChessBase"]
[PlyCount "73"]
[EventDate "2021.04.19"]
[EventType "swiss"]
[EventCountry "ROU"]
[SourceTitle "playchess.com"]
[Source "ChessBase"]
[SourceQuality "1"]
[TimeControl "5400+30"]

1. e4 c5 2. Nf3 d6 3. d4 cxd4 4. Nxd4 Nf6 5. Nc3 e5 6. Bb5+ Nbd7 7. Nf5 a6 8. Bxd7+ Qxd7 9. Ng3 b5 10. Bg5 b4 11. Nce2 Bb7 12. Bxf6 gxf6 13. Qd3 d5 14. Nh5 Be7 15. Ng7+ Kf8 16. Nf5 Qe6 17. f3 dxe4 18. fxe4 Rd8 19. Qe3 Qc6 20. Qh6+ Ke8 21. Neg3 Bf8 22. Qh4 Qxc2 23. O-O Rd2 24. Kh1 Rxg2 25. Ne3 Rxh2+ 26. Qxh2 Bxe4+ 27. Nxe4 Qxe4+ 28. Ng2 Rg8 29. Rae1 Qc6 30. Rc1 Bc5 31. Rc2 Rg5 32. Rfc1 e4 33. Ne3 Qb5 34. Ng4 e3 35. Nxf6+ Ke7 36. Ne4 Qc6 37. Qh4 1-0

[Event "ROU-ch Open 2021"]
[Site "Iasi"]
[Date "2021.04.19"]
[Round "1.18"]
[White "Voda, Costel"]
[Black "Antonica, Dragos-Andrei"]
[Result "0-1"]
[ECO "C12"]
[WhiteElo "1804"]
[BlackElo "2291"]
[Annotator "ChessBase"]
[PlyCount "84"]
[EventDate "2021.04.19"]
[EventType "swiss"]
[EventCountry "ROU"]
[SourceTitle "playchess.com"]
[Source "ChessBase"]
[SourceQuality "1"]
[TimeControl "5400+30"]

1. e4 e6 2. Nc3 d5 3. d4 Bb4 4. Bd3 dxe4 5. Bxe4 Nf6 6. Bg5 h6 7. Bxf6 Qxf6 8. Qd3 O-O 9. Nf3 Rd8 10. Qc4 Bxc3+ 11. Qxc3 Qf4 12. Qe3 Qxe3+ 13. fxe3 Nd7 14. O-O-O Nf6 15. Bd3 b6 16. h3 Bb7 17. Rhf1 Rac8 18. Rf2 Kf8 19. c3 c5 20. Bc2 Bxf3 21. Rxf3 Ne8 22. Bb3 Ke7 23. Rdf1 f6 24. Kb1 Nd6 25. Bc2 b5 26. Bd3 b4 27. dxc5 Nf7 28. Bc2 bxc3 29. b4 Rb8 30. a3 a5 31. Rf4 Rd2 32. Rd1 Ne5 33. Rd4 axb4 34. axb4 Rxd1+ 35. Bxd1 Nc6 36. Rg4 Nxb4 37. Rxg7+ Kf8 38. Rh7 Nd5+ 39. Kc1 Rb5 40. Rxh6 Kg7 41. Rh5 Nxe3 42. c6 c2 0-1

[Event "ROU-ch Open 2021"]
[Site "Iasi"]
[Date "2021.04.19"]
[Round "1.19"]
[White "Gheorghiu, Calin"]
[Black "Dumitru, Luca-Serban"]
[Result "1-0"]
[ECO "C00"]
[WhiteElo "2283"]
[BlackElo "1799"]
[Annotator "ChessBase"]
[PlyCount "49"]
[EventDate "2021.04.19"]
[EventType "swiss"]
[EventCountry "ROU"]
[SourceTitle "playchess.com"]
[Source "ChessBase"]
[SourceQuality "1"]
[TimeControl "5400+30"]

1. e4 e6 2. d3 d5 3. Nd2 Nf6 4. e5 Nfd7 5. f4 c5 6. Ngf3 Nc6 7. g3 f6 8. exf6 Nxf6 9. Ne5 Bd6 10. Nxc6 bxc6 11. Nf3 O-O 12. Bg2 Qc7 13. Qe2 Re8 14. O-O e5 15. fxe5 Bxe5 16. Nxe5 Rxe5 17. Qf2 Qe7 18. Bf4 Re2 19. Rae1 Rxf2 20. Rxe7 Rxc2 21. Bg5 Ba6 22. Bh3 Bxd3 23. Be6+ Kf8 24. Rf7+ Ke8 25. Rxg7 1-0

[Event "ROU-ch Open 2021"]
[Site "Iasi"]
[Date "2021.04.19"]
[Round "1.20"]
[White "Mihalache, Paul-Stelian"]
[Black "Isfan, Ioan-Marius"]
[Result "0-1"]
[ECO "E16"]
[WhiteElo "1799"]
[BlackElo "2263"]
[Annotator "ChessBase"]
[PlyCount "48"]
[EventDate "2021.04.19"]
[EventType "swiss"]
[EventCountry "ROU"]
[SourceTitle "playchess.com"]
[Source "ChessBase"]
[SourceQuality "1"]
[TimeControl "5400+30"]

1. d4 Nf6 2. c4 e6 3. Nf3 Bb4+ 4. Bd2 Qe7 5. g3 Bxd2+ 6. Nbxd2 b6 7. Bg2 Bb7 8. O-O O-O 9. Qc2 d6 10. e4 e5 11. d5 a5 12. Ne1 Nbd7 13. Nd3 c6 14. f4 cxd5 15. cxd5 Ba6 16. Rf3 Rac8 17. Qd1 exf4 18. gxf4 Nxe4 19. Re3 Bxd3 20. Nxe4 Bxe4 21. Rxe4 Qf6 22. b4 Rc2 23. Qe1 Qb2 24. Bf3 Nf6 0-1

[Event "ROU-ch Open 2021"]
[Site "Iasi"]
[Date "2021.04.20"]
[Round "2.15"]
[White "Magold, Filip"]
[Black "Ciorgovean, Iustin"]
[Result "0-1"]
[ECO "B90"]
[WhiteElo "2065"]
[BlackElo "2338"]
[Annotator "NA"]
[PlyCount "211"]
[EventDate "2021.04.19"]
[EventType "swiss"]
[EventCountry "ROU"]
[SourceTitle "playchess.com"]
[Source "ChessBase"]
[SourceQuality "1"]
[TimeControl "5400+30"]

1. e4 c5 2. Nf3 d6 3. d4 cxd4 4. Nxd4 Nf6 5. Nc3 a6 6. Be3 e5 7. Nb3 Be6 8. f3 h5 9. Be2 Nbd7 10. Qd2 Be7 11. Nd5 Nxd5 12. exd5 Bf5 13. c4 a5 14. O-O $11 a4 15. Nc1 O-O 16. Nd3 Bg6 17. Rac1 Qa5 18. Qd1 Bd8 19. Kh1 Bb6 20. Bd2 Qa7 21. Bb4 Bxd3 22. Bxd3 Bc5 23. Bc3 f5 24. Bc2 Be3 25. Rb1 h4 26. f4 g6 27. fxe5 Nxe5 28. Qe1 Bg5 29. Bxe5 Rfe8 30. Bxf5 gxf5 31. Rxf5 Rxe5 32. Rxe5 dxe5 33. Qxe5 Qe3 34. Qf5 Rf8 35. Qg6+ Kh8 36. d6 Qf4 37. Qd3 Kg7 38. Rd1 Bf6 39. g3 hxg3 40. Rg1 Bg5 41. Rxg3 Kh6 42. c5 Qf1+ 43. Qxf1 Rxf1+ 44. Kg2 Rb1 45. b3 Rb2+ 46. Kh3 a3 47. d7 Rd2 48. b4 Rxd7 49. Rxa3 Rd4 50. c6 bxc6 51. Ra6 Rxb4 52. Rxc6+ Kh5 53. Rc2 Ra4 54. Kg2 Kg4 55. Rb2 Bf4 56. Rc2 Ra3 57. Rf2 Rc3 58. Rb2 Rh3 59. Kg1 Kf3 60. Rf2+ Ke3 61. Rb2 Rh6 62. a4 Rg6+ 63. Kf1 Ra6 64. Ra2 Kf3 65. Rf2+ Kg4 66. Ra2 Kf3 67. Rf2+ Ke4 68. Ra2 Be3 69. a5 Kf3 70. Rg2 Rxa5 71. Rg3+ Ke4 72. Kg2 Bf4 73. Rb3 Ra2+ 74. Kh3 Rxh2+ 75. Kg4 Rg2+ 76. Kh3 Rg8 77. Ra3 Be3 78. Ra4+ Kf3 79. Rh4 Rg1 80. Kh2 Ra1 81. Rh3+ Kf2 82. Rh4 Rb1 83. Rg4 Ra1 84. Rh4 Ra6 85. Rh7 Rg6 86. Rf7+ Ke2 87. Rf8 Kd3 88. Rh8 Ke4 89. Rh3 Rg8 90. Kh1 Bf4 91. Ra3 Be3 92. Ra4+ Kf3 93. Rh4 Bf2 94. Rh7 Rg6 95. Rf7+ Kg3 96. Rh7 Be1 97. Rh3+ Kf2 98. Kh2 Bd2 99. Rh4 Rg8 100. Kh3 Rg3+ 101. Kh2 Rg2+ 102. Kh1 Rg5 103. Kh2 Be3 104. Kh3 Kf3 105. Rh8 Bf4 106. Rh7 0-1

[Event "ROU-ch Open 2021"]
[Site "Iasi"]
[Date "2021.04.20"]
[Round "3.8"]
[White "Ciorgovean, Iustin"]
[Black "Nevednichy, Vladislav"]
[Result "0-1"]
[ECO "D36"]
[WhiteElo "2338"]
[BlackElo "2533"]
[Annotator "ChessBase"]
[PlyCount "64"]
[EventDate "2021.04.19"]
[EventType "swiss"]
[EventCountry "ROU"]
[SourceTitle "playchess.com"]
[Source "ChessBase"]
[SourceQuality "1"]
[TimeControl "5400+30"]

1. d4 Nf6 2. c4 e6 3. Nc3 d5 4. cxd5 exd5 5. Bg5 c6 6. e3 Nbd7 7. Bd3 Be7 8. h3 O-O 9. Qc2 Re8 10. Nf3 Ne4 11. Bxe4 dxe4 12. Nxe4 Bxg5 13. Nexg5 Nf8 14. h4 h6 15. Nh3 Qf6 16. Kf1 Bf5 17. Qc3 Ne6 18. Nhg1 Rad8 19. Rc1 c5 20. dxc5 Bd3+ 21. Ke1 Qg6 22. Rh2 Nf4 23. h5 Rxe3+ 24. fxe3 Qg3+ 25. Kd1 Be4+ 26. Qd2 Rxd2+ 27. Kxd2 Qf2+ 28. Kd1 Qf1+ 29. Kd2 Qd3+ 30. Ke1 Qxe3+ 31. Kd1 Bxf3+ 32. Nxf3 Qe2# 0-1

[Event "ROU-ch Open 2021"]
[Site "Iasi"]
[Date "2021.04.20"]
[Round "3.9"]
[White "Jianu, Vlad-Cristian"]
[Black "Antonica, Dragos-Andrei"]
[Result "1-0"]
[ECO "E16"]
[WhiteElo "2532"]
[BlackElo "2291"]
[Annotator "ChessBase"]
[PlyCount "65"]
[EventDate "2021.04.19"]
[EventType "swiss"]
[EventCountry "ROU"]
[SourceTitle "playchess.com"]
[Source "ChessBase"]
[SourceQuality "1"]
[TimeControl "5400+30"]

1. d4 Nf6 2. Nf3 e6 3. g3 b6 4. Bg2 Bb7 5. O-O Be7 6. c4 O-O 7. Nc3 d5 8. cxd5 Nxd5 9. Nxd5 exd5 10. Bf4 Nd7 11. Rc1 c6 12. Qa4 Re8 13. h4 Bf6 14. Rfe1 Nf8 15. Be5 Be7 16. e3 f6 17. Bf4 Ne6 18. Qb3 Nxf4 19. exf4 Bf8 20. Bh3 Qd6 21. Qd3 Re7 22. Rxe7 Bxe7 23. Bf5 g6 24. Bxg6 hxg6 25. Qxg6+ Kh8 26. Re1 Rf8 27. Qh6+ Kg8 28. Qg6+ Kh8 29. Ng5 fxg5 30. Re6 Qd8 31. Qh5+ Kg8 32. Rg6+ Kf7 33. Rh6+ 1-0

[Event "ROU-ch Open 2021"]
[Site "Iasi"]
[Date "2021.04.20"]
[Round "3.10"]
[White "Gheorghiu, Calin"]
[Black "Nanu, Costica-Ciprian"]
[Result "0-1"]
[ECO "A45"]
[WhiteElo "2283"]
[BlackElo "2503"]
[Annotator "ChessBase"]
[PlyCount "70"]
[EventDate "2021.04.19"]
[EventType "swiss"]
[EventCountry "ROU"]
[SourceTitle "playchess.com"]
[Source "ChessBase"]
[SourceQuality "1"]
[TimeControl "5400+30"]

1. d4 Nf6 2. Bf4 d6 3. Nc3 Nbd7 4. Nf3 c6 5. e4 Qa5 6. e5 Ne4 7. exd6 Nxc3 8. bxc3 exd6 9. Bd3 Be7 10. O-O Nf6 11. Re1 Qd8 12. h3 O-O 13. c4 Re8 14. Qd2 Bd7 15. Rab1 b6 16. Re2 Bf8 17. Rxe8 Nxe8 18. Re1 h6 19. c3 Nf6 20. g4 Qc8 21. Kh2 c5 22. d5 b5 23. cxb5 c4 24. Bc2 Qc5 25. a4 Nxd5 26. Be4 Nxf4 27. Bxa8 Nd3 28. Re3 d5 29. Rxd3 cxd3 30. Kg1 Qc4 31. Ne5 Qe4 32. Nxd3 Qxa4 33. Bxd5 Bxb5 34. Ne5 Be8 35. Qe3 Qd1+ 0-1

[Event "ROU-ch Open 2021"]
[Site "Iasi"]
[Date "2021.04.20"]
[Round "3.11"]
[White "Isfan, Ioan-Marius"]
[Black "Filip, Lucian-Ioan"]
[Result "1/2-1/2"]
[ECO "A32"]
[WhiteElo "2263"]
[BlackElo "2442"]
[Annotator "NA"]
[PlyCount "48"]
[EventDate "2021.04.19"]
[EventType "swiss"]
[EventCountry "ROU"]
[SourceTitle "playchess.com"]
[Source "ChessBase"]
[SourceQuality "1"]
[TimeControl "5400+30"]

1. d4 e6 2. Nf3 c5 3. c4 cxd4 4. Nxd4 Nf6 5. g3 Qa5+ 6. Bd2 Qb6 7. Bc3 Ne4 8. Bg2 Nxc3 9. Nxc3 Nc6 10. Nxc6 bxc6 11. Qc2 Ba6 12. b3 d5 13. O-O $11 Rc8 14. Rfd1 Be7 15. Rac1 O-O 16. Na4 Qa5 17. Qd2 Bb4 18. Qg5 Rfd8 19. Bf3 h6 20. Qh5 dxc4 21. Qxa5 Bxa5 22. Nc5 Rxd1+ 23. Rxd1 Bb5 24. a4 Bb4 1/2-1/2

[Event "ROU-ch Open 2021"]
[Site "Iasi"]
[Date "2021.04.20"]
[Round "3.12"]
[White "Nastore, Pavel-Alexandru"]
[Black "Stoleriu, George"]
[Result "1/2-1/2"]
[ECO "C12"]
[WhiteElo "2256"]
[BlackElo "2349"]
[Annotator "NA"]
[PlyCount "69"]
[EventDate "2021.04.19"]
[EventType "swiss"]
[EventCountry "ROU"]
[SourceTitle "playchess.com"]
[Source "ChessBase"]
[SourceQuality "1"]
[TimeControl "5400+30"]

1. e4 e6 2. d4 d5 3. Nc3 Nf6 4. Bg5 Bb4 5. e5 h6 6. Bd2 Bxc3 7. bxc3 Ne4 8. Bc1 c5 9. Ne2 Qa5 10. f3 $14 Ng5 11. h4 Nh7 12. Qd2 Nc6 13. a4 b6 14. Qe3 Ba6 15. Bd2 Bxe2 16. Bxe2 c4 17. g4 O-O-O 18. f4 Rde8 19. Kf2 Qa6 20. Bc1 f6 21. Kg2 Qb7 22. Bf3 Qf7 23. Ba3 Qg6 24. Qe2 Nf8 25. Rab1 h5 26. g5 f5 27. Rb5 Qf7 28. Rhb1 Rd8 29. Qf1 Rd7 30. Be2 Ng6 31. Kg3 Nge7 32. Bd6 Rb7 33. Qc1 Na5 34. Bf3 Nec6 35. Qa3 1/2-1/2

[Event "ROU-ch Open 2021"]
[Site "Iasi"]
[Date "2021.04.20"]
[Round "3.13"]
[White "Gavrilescu, David"]
[Black "Stepanencu, Nicodim-Cosmin"]
[Result "1-0"]
[ECO "B52"]
[WhiteElo "2476"]
[BlackElo "2104"]
[Annotator "RC"]
[PlyCount "50"]
[EventDate "2021.04.19"]
[EventType "swiss"]
[EventCountry "ROU"]
[SourceTitle "playchess.com"]
[Source "ChessBase"]
[SourceQuality "1"]
[TimeControl "5400+30"]

1. e4 c5 2. Nf3 d6 3. Bb5+ Bd7 4. Bxd7+ Nxd7 5. O-O Ngf6 6. Qe2 e6 7. b3 Be7 8. Bb2 O-O 9. c4 a6 10. d4 d5 11. cxd5 exd5 12. e5 Ne4 13. Nbd2 f5 14. Rfd1 Qb6 15. Nf1 Rfd8 16. Ne3 Qe6 17. g3 Nf8 18. dxc5 Bxc5 19. Nd4 Bxd4 20. Rxd4 Qxe5 21. Rxd5 Qe6 22. Rxf5 Ng6 23. Qg4 Rd7 24. h4 h5 25. Rxh5 Qxg4 1-0

[Event "ROU-ch Open 2021"]
[Site "Iasi"]
[Date "2021.04.20"]
[Round "3.14"]
[White "Ognean, Mihnea-Ionut"]
[Black "Antal, Hunor-Zoltan"]
[Result "1/2-1/2"]
[ECO "C09"]
[WhiteElo "2298"]
[BlackElo "2023"]
[Annotator "NA"]
[PlyCount "106"]
[EventDate "2021.04.19"]
[EventType "swiss"]
[EventCountry "ROU"]
[SourceTitle "playchess.com"]
[Source "ChessBase"]
[SourceQuality "1"]
[TimeControl "5400+30"]

1. e4 e6 2. d4 d5 3. Nd2 c5 4. Ngf3 Nc6 5. exd5 exd5 6. Bb5 Qe7+ 7. Qe2 Qxe2+ 8. Kxe2 cxd4 9. Nb3 Bd6 10. Nfxd4 Nge7 11. Be3 Bd7 12. Bxc6 bxc6 13. Nf3 f6 14. Kd2 Kf7 15. Bc5 Bf4+ 16. Kc3 g5 17. Nfd4 Ng6 18. a4 Be5 19. g3 Nf8 20. h4 Ne6 21. hxg5 fxg5 22. f4 Bf6 23. Rh6 Kg7 24. Rah1 gxf4 25. gxf4 Nxf4 26. Rxf6 Kxf6 27. Rf1 Kg5 28. Nf3+ Kh5 29. Nbd4 Rhe8 30. Bd6 Ne2+ 31. Nxe2 Rxe2 32. Rh1+ Kg4 33. Ne5+ Rxe5 34. Bxe5 h5 35. Kd4 Re8 36. Rg1+ Kf5 37. Rf1+ Kg4 38. Rg1+ Kf5 39. Rf1+ Kg5 40. Rf7 c5+ 41. Kxc5 Bxa4 42. Rxa7 Rxe5 43. Rxa4 Re2 44. Kxd5 Rxc2 45. b4 h4 46. Ra8 h3 47. Rh8 h2 48. b5 Kg4 49. b6 Rb2 50. Kc6 Kg3 51. b7 Rxb7 52. Kxb7 Kg2 53. Rxh2+ Kxh2 1/2-1/2

[Event "ROU-ch Open 2021"]
[Site "Iasi"]
[Date "2021.04.20"]
[Round "3.15"]
[White "Daianu, Cristian-Clement"]
[Black "Botea, David-Alexandru"]
[Result "1/2-1/2"]
[ECO "B07"]
[WhiteElo "2234"]
[BlackElo "2015"]
[Annotator "NA"]
[PlyCount "65"]
[EventDate "2021.04.19"]
[EventType "swiss"]
[EventCountry "ROU"]
[SourceTitle "playchess.com"]
[Source "ChessBase"]
[SourceQuality "1"]
[TimeControl "5400+30"]

1. e4 d6 2. d4 Nf6 3. Nc3 g6 4. Be2 Bg7 5. h4 c5 6. d5 h5 7. Nh3 Nbd7 8. a4 Ne5 9. Ng5 O-O 10. Bf4 Nfg4 11. Qd2 Qb6 12. Nd1 f5 13. a5 Qd8 14. f3 Nf6 15. Nc3 fxe4 16. Ncxe4 Nxe4 17. Nxe4 Bf5 18. Ng5 Qd7 19. O-O b5 20. Ra3 Nf7 21. Nxf7 Rxf7 22. c3 a6 23. Re1 Rb8 24. Raa1 Rbf8 25. Bg3 Kh7 26. Bd3 Bh6 27. Qc2 c4 28. Bxf5 Rxf5 29. Re6 R8f7 30. Rae1 Bg7 31. Bf2 Bf6 32. Qe4 Qb7 33. Rd1 1/2-1/2

[Event "ROU-ch Open 2021"]
[Site "Iasi"]
[Date "2021.04.20"]
[Round "3.16"]
[White "Statescu-Enescu, Vlad"]
[Black "Coca, Cristi-Iulian"]
[Result "0-1"]
[ECO "E90"]
[WhiteElo "1735"]
[BlackElo "2153"]
[Annotator "NA"]
[PlyCount "90"]
[EventDate "2021.04.19"]
[EventType "swiss"]
[EventCountry "ROU"]
[SourceTitle "playchess.com"]
[Source "ChessBase"]
[SourceQuality "1"]
[TimeControl "5400+30"]

1. d4 Nf6 2. Nf3 g6 3. c4 Bg7 4. Nc3 O-O 5. e4 d6 6. h3 e5 7. d5 Nh5 8. Be3 Qe8 9. Qd2 f5 10. Bh6 f4 11. Bxg7 Kxg7 12. O-O-O a5 13. Nb5 Qd8 14. Qc3 Nd7 15. Bd3 Rf6 16. Qa3 b6 17. Rhe1 Nc5 18. Bf1 Bd7 19. b3 Bxb5 20. cxb5 Rf7 21. Bc4 h6 22. Kc2 Nf6 23. Nd2 Nh7 24. f3 Qg5 25. Re2 Nf6 26. Qc1 Qh4 27. a4 g5 28. Nf1 h5 29. Qd2 g4 30. Qe1 Qg5 31. Rdd2 Rg8 32. h4 Qg6 33. Bd3 Kf8 34. Rd1 Ke7 35. Rf2 Rfg7 36. g3 gxf3 37. gxf4 Nfxe4 38. fxe5 Nxd3 39. exd6+ Kxd6 40. Rxd3 Nxf2 41. Qxf2 Qg2 42. Rxf3 Qxf2+ 43. Rxf2 Rg2 44. Rxg2 Rxg2+ 45. Kb1 Rg1 0-1